 Dungeon Crawl Stone Soup version 0.22.1-1-ga44c0e56f4 (webtiles) character file.

172 Nebulos the Sneak (level 5, -2/25 HPs)
             Began as a Spriggan Venom Mage on Sept 20, 2018.
             Slain by Grinder (4 damage)
             ... while paralysed by Grinder
             ... on level 3 of the Dungeon.
             The game lasted 00:13:01 (3354 turns).

Nebulos the Sneak (Spriggan Venom Mage)             Turns: 3354, Time: 00:13:01

Health: -2/25      AC:  3    Str:  5    XL:     5   Next: 27%
Magic:  7/10       EV:  4    Int: 16    God:
Gold:   150        SH:  0    Dex: 20    Spells: 6/10 levels left

rFire    + . .     SeeInvis +   k - +3 short sword
rCold    + . .     Gourm    .   (shield restricted)
rNeg     . . .     Faith    .   o - +1 robe {rC+ rF+}
rPois    .         Spirit   .   (helmet restricted)
rElec    .         Reflect  .   (no cloak)
rCorr    .         Harm     .   (gloves unavailable)
MR       .....                  (boots unavailable)
Stlth    +++.......             (no amulet)
HPRegen  0.08/turn              i - +3 ring of dexterity
MPRegen  0.12/turn              (no ring)

@: paralysed, very slightly contaminated, very quick
A: very small, unfitting armour, see invisible, herbivore, speed 3, slow
metabolism 2
a: no special abilities


You were on level 3 of the Dungeon.
You were hungry.

You visited 1 branch of the dungeon, and saw 3 of its levels.

You collected 150 gold pieces.

Inventory:

Hand Weapons
 e - a +0 dagger
 k - a +3 short sword (weapon)
Armour
 a - a +1 robe
 o - a +1 robe of resistance (worn)
Jewellery
 i - a +3 ring of dexterity (left hand)
Scrolls
 d - a scroll of remove curse
 g - 2 scrolls of enchant armour
 h - 5 scrolls of identify {unknown}
 j - a scroll of blinking {unknown}
 m - a scroll of random uselessness {unknown}
 n - a scroll of fog {unknown}
Potions
 b - 2 potions of lignification {unknown}
 f - a potion of agility {unknown}
 l - a potion of brilliance {unknown}
Comestibles
 c - 3 rations


   Skills:
 + Level 0.4 Fighting
 + Level 2.4 Short Blades
 + Level 4.2 Dodging
 + Level 4.3 Stealth
 - Level 0.2 Unarmed Combat
 * Level 3.3 Spellcasting
 * Level 1.4 Conjurations
 + Level 3.5 Poison Magic


You had 6 spell levels left.
You knew the following spells:

 Your Spells              Type           Power        Failure   Level  Hunger
a - Sting                 Conj/Pois      ##..         7%          1    None
b - Mephitic Cloud        Conj/Pois/Air  #.......     28%         3    ###....

Your spell library contained the following spells:

 Spells                   Type           Power        Failure   Level  Hunger
 Poisonous Vapours        Pois/Air       #.....       13%         2    ##.....
 Olgreb's Toxic Radiance  Pois           ##......     38%         4    ####...
 Venom Bolt               Conj/Pois      ##........   88%         5    ######.


Dungeon Overview and Level Annotations

Branches:
Dungeon (3/15)

Altars:
Ashenzari
Cheibriados
Kikubaaqudgha
Qazlal

Annotations:
D:2 quzal storm god
D:3 Grinder


Innate Abilities, Weirdness & Mutations

You are very small and have problems with some larger weapons.
You are too small for most types of armour.
You have supernaturally acute eyesight. (SInv)
You are a herbivore.
You cover ground extremely quickly.
You need to consume almost no food.


Message History

Aim: Grinder (lightly wounded)
The sting hits Grinder.
Grinder completely resists.
Grinder is lightly wounded.
Grinder misses you.
You hit Grinder but do no damage. Grinder hits you.
You closely miss Grinder. Grinder hits you!
You hit Grinder.
Grinder is lightly wounded.
Grinder gestures at you.
You suddenly lose the ability to move!
Grinder says, "Mostly I couldn't keep them alive."
Grinder hits you.
* * * LOW HITPOINT WARNING * * *
Grinder barely misses you. Grinder hits you.
* * * LOW HITPOINT WARNING * * *
Grinder hits you.
* * * LOW HITPOINT WARNING * * *
You writhe in agony.
You die...

##.## #.#..
#.##.#####...( #.##
#.#.... #.##..........
#..# #.# ._.
#....#####.### ##.# #.#
... #..... #.# # #.#
#.# #.# #.##)# #.###
##.###.###[# #. #.#
#.##. #...#.#.##.# #
#.# #.###
#....#..###.#.####.####
### #
#.##...#.#.#†.@5..# #
##.###.##.###..# #.
..##...# ....# ##
####.#.#.#.#..### #.
#..........# ## ### #(#
#..# . ... ..# ## #..
..# # ..# #


You could see Grinder.

Vanquished Creatures
  A vampire bat (D:3)
  An orc wizard (D:3)
  Terence (D:3)
  A dart slug (D:1)
  2 leopard geckos
  2 orcs (D:3)
  3 bat skeletons (D:3)
  3 bat zombies (D:3)
  2 giant cockroaches (D:1)
  5 goblins
  5 hobgoblins
  16 jackals
  A quokka (D:3)
  5 bats
  2 frilled lizards
  5 kobolds
  10 rats
65 creatures vanquished.

Notes
Turn   | Place    | Note
-------+----------+-------------------------------------------
     0 | D:1      | Nebulos the Spriggan Venom Mage began the quest for the
                  | Orb.
     0 | D:1      | Reached XP level 1. HP: 9/9 MP: 5/5
   264 | D:1      | Reached XP level 2. HP: 11/13 MP: 1/6
  1186 | D:1      | Reached skill level 1 in Conjurations
  1193 | D:1      | Reached XP level 3. HP: 5/16 MP: 4/8
  2452 | D:2      | Noticed an air elemental
  2454 | D:2      | Found a stormy altar of Qazlal.
  2457 | D:2      | Noticed a fire elemental
  2457 | D:2      | Noticed an earth elemental
  2457 | D:2      | Noticed a water elemental
  2710 | D:3      | Found a shattered altar of Ashenzari.
  2939 | D:3      | Learned a level 3 spell: Mephitic Cloud
  2985 | D:3      | Noticed Terence
  3096 | D:3      | Killed Terence
  3096 | D:3      | Reached skill level 1 in Short Blades
  3096 | D:3      | Reached XP level 4. HP: 20/21 MP: 2/9
  3240 | D:3      | Found an ancient bone altar of Kikubaaqudgha.
  3264 | D:3      | Reached XP level 5. HP: 23/25 MP: 10/10
  3326 | D:3      | Noticed Grinder
  3328 | D:3      | Found a snail-covered altar of Cheibriados.
  3350 | D:3      | Paralysed by Grinder for 7 turns
  3354 | D:3      | Slain by Grinder

Skill      XL: |  1  2  3  4 |
---------------+-------------+-----
Conjurations   | 1 |  1.4
Spellcasting   | 3 |  3.3
Dodging        | 4 |  4.2
Short Blades   | 1 2 |  2.4
Stealth        | 4 |  4.3
Fighting       | |  0.4
Unarmed Combat | |  0.2
Poison Magic   | |  3.5

Action                   |  1- 3 |  4- 6 || total
-------------------------+-------+-------++-------
Melee: Unarmed           |    12 |       ||    12
       Dagger            |    38 |       ||    38
       Club              |    23 |       ||    23
       Short sword       |   113 |    40 ||   153
       Punch             |     1 |       ||     1
 Cast: Sting             |    47 |     4 ||    51
  Use: Scroll            |     5 |       ||     5
       Potion            |     2 |       ||     2
 Stab: Sleeping          |     5 |     6 ||    11
Armor: Robe              |    32 |     9 ||    41
Dodge: Dodged            |   225 |    70 ||   295
